[Event "Early-Titled-Tuesday-Blitz-September-26-2023"]
[Site "Chess.com"]
[Date "2023.09.26"]
[Round "10"]
[White "sonicdravise"]
[Black "Flaccidmoves"]
[Result "1/2-1/2"]
[WhiteElo "2648"]
[BlackElo "2485"]
[TimeControl "180+1"]
[EndTime "9:55:41 PDT"]
[Termination "Game drawn by repetition"]

1. d4 Nf6 2. c4 g6 3. Nc3 d5 4. Nf3 Bg7 5. h4 dxc4 6. e4 b5 7. h5 Nxh5 8. Nxb5 Bb7 9. Bxc4 O-O 10. Ng5 e6 11. Rxh5 gxh5 12. Qxh5 h6 13. Ke2 a6 14. Nxe6 fxe6 15. Bxe6+ Kh7 16. Bf5+ Kg8 17. Bxh6 Rxf5 18. Qxf5 Bxh6 19. Qe6+ Kh7 20. Qf7+ Kh8 21. Rh1 Qg5 22. Qf8+ Kh7 23. Qf7+ Kh8 24. Qf8+ Kh7 25. Qf7+ Kh8 1/2-1/2

[Event "Early-Titled-Tuesday-Blitz-September-26-2023"]
[Site "Chess.com"]
[Date "2023.09.26"]
[Round "10"]
[White "LoaySameer"]
[Black "Zohid6"]
[Result "0-1"]
[WhiteElo "2629"]
[BlackElo "2789"]
[TimeControl "180+1"]
[EndTime "9:55:43 PDT"]
[Termination "Zohid6 won by checkmate"]

1. Nf3 Nf6 2. g3 d5 3. Bg2 Bg4 4. O-O c6 5. d3 Nbd7 6. Nbd2 e6 7. h3 Bh5 8. e4 Be7 9. Re1 O-O 10. Qe2 a5 11. Nf1 Bg6 12. e5 Ne8 13. g4 c5 14.
Ng3 b5 15. g5 Nc7 16. h4 Bf5 17. h5 g6 18. Qe3 d4 19. Qf4 Nd5 20. Qh4 Kh8 21.
Nxf5 gxf5 22. Nh2 Rg8 23. f4 N7b6 24. Bd2 c4 25. Qf2 Na4 26. b3 Nac3 27. bxc4 bxc4 28. dxc4 Nb4 29. Bxc3 dxc3 30. a3 Na6 31. Kh1 Rb8 32.
Rad1 Qc7 33. Qf3 Bxa3 34. Nf1 Nc5 35. Ng3 Rbd8 36. h6 Bb4 37. Nh5 a4 38. Nf6 Rxd1 39.
Qxd1 Rd8 40. Qh5 a3 41. Bh3 a2 42. Bxf5 exf5 43. g6 fxg6 44. Qh4 Qe7 45. Ra1 Ra8 46. Qf2 Ne4 47. Qd4 Bc5 48. Qd5 Rd8 49. Qc6 Nxf6 50.
exf6 Qe3 51. f7 Qh3# 0-1

[Event "Early-Titled-Tuesday-Blitz-September-26-2023"]
[Site "Chess.com"]
[Date "2023.09.26"]
[Round "10"]
[White "attack2mateU"]
[Black "Zavgorodniy_Sergiy"]
[Result "1-0"]
[WhiteElo "2746"]
[BlackElo "2595"]
[TimeControl "180+1"]
[EndTime "9:55:43 PDT"]
[Termination "attack2mateU won by resignation"]

1. e4 e5 2. Nf3 d6 3. d4 exd4 4. Nxd4 Nf6 5. Nc3 Be7 6. Bf4 O-O 7. Qd2 Nc6 8. O-O-O Nxd4 9. Qxd4 Be6 10. Kb1 Nd7 11. Be2 Nb6 12. g4 a5 13. h4 Bf6 14.
Qe3 Re8 15. g5 Bxc3 16. Qxc3 Qd7 17. f3 Qc6 18. Qd4 Nc4 19. h5 Qa4 20. b3 Na3+ 21.
Kb2 Qxd4+ 22. Rxd4 a4 23. Ra1 Nxc2 24. Kxc2 axb3+ 25. Kb2 bxa2 26. Bc4 c5 27. Bxe6 cxd4 28. Bxa2 Rec8 29.
g6 hxg6 30. hxg6 Kf8 31. Bxd6+ Ke8 32. gxf7+ 1-0

[Event "Early-Titled-Tuesday-Blitz-September-26-2023"]
[Site "Chess.com"]
[Date "2023.09.26"]
[Round "10"]
[White "DTChess"]
[Black "lamomiajunior"]
[Result "1-0"]
[WhiteElo "2621"]
[BlackElo "2734"]
[TimeControl "180+1"]
[EndTime "9:55:44 PDT"]
[Termination "DTChess won on time"]

1. e4 c6 2. d4 d5 3. Nc3 dxe4 4.
Nxe4 Nf6 5. Nxf6+ exf6 6. c3 Bd6 7. Bd3 O-O 8. Qc2 Re8+ 9. Ne2 h5 10. h3 Nd7 11. O-O h4 12. Bd2 Nf8 13. Rae1 Be6 14. f4 Rc8 15. c4 b5 16. b3 Bb8 17. f5 Bd7 18. Qc1 Nh7 19. Bf4 Qa5 20. Bxb8 Rxb8 21. Nc3 Ng5 22. Qc2 Qc7 23. Qf2 Qa5 24. Qc2 bxc4 25.
Rxe8+ Rxe8 26. Bxc4 Re3 27. Na4 Rg3 28. Kh1 Qc7 29. Nc5 Bc8 30. Qe2 Nxh3 31. Qe8+ Kh7 32. Bxf7 1-0

[Event "Early-Titled-Tuesday-Blitz-September-26-2023"]
[Site "Chess.com"]
[Date "2023.09.26"]
[Round "10"]
[White "Mystery2007"]
[Black "Defenstrator"]
[Result "0-1"]
[WhiteElo "2468"]
[BlackElo "2383"]
[TimeControl "180+1"]
[EndTime "9:55:45 PDT"]
[Termination "Defenstrator won on time"]

1. Nf3 Nc6 2. c4 e5 3. d3 Nf6 4. g3 d5 5. cxd5 Nxd5 6. Bg2 Be6 7. O-O f6 8. Nc3 Nb6 9. a3 Qd7 10. b4 O-O-O 11. Be3 Bh3 12. Ne4 h5 13. b5 Nd4 14. Bxd4 exd4 15. a4 h4 16. a5 Nd5 17.
b6 cxb6 18. axb6 a6 19. Re1 hxg3 20. fxg3 Bxg2 21. Qc1+ Kb8 22. Kxg2 Bb4 23. Rg1 Ne3+ 24. Kh1 g5 25. Nc5 Qd5 26. Rxa6 Qxc5 27. Qa1 bxa6 28.
Qxa6 Rh7 29. Ra1 Ba3 30. Ra2 Qc1+ 0-1

[Event "Early-Titled-Tuesday-Blitz-September-26-2023"]
[Site "Chess.com"]
[Date "2023.09.26"]
[Round "10"]
[White "EvgenyBurmakin"]
[Black "venturov"]
[Result "1/2-1/2"]
[WhiteElo "2332"]
[BlackElo "2460"]
[TimeControl "180+1"]
[EndTime "9:55:45 PDT"]
[Termination "Game drawn by repetition"]

1. e4 c5 2. Nc3 e6 3. Nf3 Nc6 4. d4 cxd4 5. Nxd4 Qc7 6. a3 a6 7. Be3 b5 8. Be2 Bb7 9. O-O Nf6 10. Nxc6 Bxc6 11. Bf3 Bd6 12. g3 O-O 13. Bg2 Be7 14. h3 Rfd8 15. f4 d5 16. e5 Ne4 17. Nxe4 dxe4 18. Qe2 Bd5 19. Rfd1 Rac8 20. Rac1 Bc5 21. Kh2 Bxe3 22. Qxe3 Qb7 23. Rd2 a5 24. Rcd1 Re8 25. c3 Rc4 26. Rd4 Rec8 27. Bxe4 Rxd4 28. Qxd4 Rd8 29. b3 h5 30. c4 bxc4 31. bxc4 Bxe4 32. Qxd8+ Kh7 33. Qd4 h4 34. gxh4 Kh6 35. Rd2 Qb1 36. Rd1 Qc2+ 37. Qd2 Qxc4 38. f5+ Kh7 39. f6 gxf6 40.
exf6 Qc7+ 41. Qd6 Qc2+ 42. Rd2 Qc1 43. Qd4 Qh1+ 44. Kg3 Qf3+ 45. Kh2 Qh1+ 46. Kg3 Qf3+ 47. Kh2 Qh1+ 1/2-1/2

[Event "Early-Titled-Tuesday-Blitz-September-26-2023"]
[Site "Chess.com"]
[Date "2023.09.26"]
[Round "10"]
[White "halfnatty"]
[Black "Krakozia"]
[Result "0-1"]
[WhiteElo "2747"]
[BlackElo "3012"]
[TimeControl "180+1"]
[EndTime "9:55:47 PDT"]
[Termination "Krakozia won by resignation"]

1. c4 e5 2. Nc3 Nf6 3. Nf3 Nc6 4. e4 Bb4 5. d3 d6 6. Bd2 a6 7. Be2 Bg4 8. O-O Bc5 9. a3 h5 10. b4 Ba7 11. Nd5 Nd7 12. Rc1 Nf8 13. b5 Bxf3 14.
Bxf3 Nd4 15. bxa6 bxa6 16. Ba5 Nfe6 17. h3 g6 18. Be2 O-O 19. Kh2 Bc5 20. f4 exf4 21.
Nxf4 Bxa3 22. Nxe6 Nxe6 23. Rb1 Bc5 24. Bc3 Bd4 25.
Bd2 Qh4 26. g3 Be5 27. Qe1 Nd4 28. Kg2 Qe7 29. Be3 a5 30. Bxd4 Bxd4 31. g4 h4 32. Rb5 a4 33. Rd5 c5 34. g5 a3 35. Qxh4 a2 0-1

[Event "Early-Titled-Tuesday-Blitz-September-26-2023"]
[Site "Chess.com"]
[Date "2023.09.26"]
[Round "10"]
[White "Boxerandchessplayer"]
[Black "ShahMatKanal"]
[Result "0-1"]
[WhiteElo "2187"]
[BlackElo "2474"]
[TimeControl "180+1"]
[EndTime "9:55:48 PDT"]
[Termination "ShahMatKanal won by resignation"]

1. d4 Nf6 2. Nf3 d5 3. c4 e6 4. g3 Be7 5. Bg2 O-O 6. O-O c6 7.
Qc2 Nbd7 8. Nbd2 b6 9. e4 Bb7 10. e5 Ne8 11. cxd5 cxd5 12. Qd3 a5 13. Rd1 Ba6 14.
Qb1 b5 15. Nf1 b4 16. h4 f5 17. exf6 Bxf6 18. Ng5 Bxg5 19. Bxg5 Qb6 20. Ne3 Nef6 21.
b3 h6 22. Bf4 Nh5 23. Be5 Nxe5 24. dxe5 Nxg3 25. Qg6 Nf5 26. Nxf5 Rxf5 27. Rd2 Raf8 28. Bxd5 Kh8 29. Rf1 Bxf1 0-1

[Event "Early-Titled-Tuesday-Blitz-September-26-2023"]
[Site "Chess.com"]
[Date "2023.09.26"]
[Round "10"]
[White "Chaos_Magic"]
[Black "invisible_s0ul"]
[Result "1-0"]
[WhiteElo "2408"]
[BlackElo "2308"]
[TimeControl "180+1"]
[EndTime "9:55:49 PDT"]
[Termination "Chaos_Magic won by resignation"]

1. d4 b6 2. e4 Bb7 3. f3 g6 4.
Bd3 Bg7 5. c3 c5 6. Ne2 e6 7. O-O Ne7 8. Be3 d6 9. Qd2 Nbc6 10.
Na3 O-O 11. Bh6 cxd4 12. Bxg7 Kxg7 13. cxd4 Rc8 14. Rac1 a6 15. Nb1 b5 16. Nbc3 Qb6 17.
Bb1 b4 18. Na4 Qb5 19. b3 h6 20. Bd3 Qg5 21. f4 Qg4 22. Rf3 f5 23. d5 exd5 24. exd5 Nxd5 25. Bc4 Nce7 26. Nd4 Nf6 27. Ne6+ Kh8 28.
Rg3 Qh5 29. Nxf8 Rxf8 30. Qxd6 Ne4 31. Qxe7 Rc8 32. Qxb7 1-0

[Event "Early-Titled-Tuesday-Blitz-September-26-2023"]
[Site "Chess.com"]
[Date "2023.09.26"]
[Round "10"]
[White "NowInChess"]
[Black "LUISMIGUELOV"]
[Result "0-1"]
[WhiteElo "2249"]
[BlackElo "2156"]
[TimeControl "180+1"]
[EndTime "9:55:50 PDT"]
[Termination "LUISMIGUELOV won by resignation"]

1. e4 c6 2. d4 d5 3. exd5 cxd5 4. c4 Nf6 5. Nc3 Nc6 6. Bf4 e6 7. c5 Be7 8. Bb5 O-O 9. Nf3 Ne4 10. O-O f5 11. Bxc6 bxc6 12. Qa4 Bd7 13. Ne5 Qe8 14. f3 Nxc3 15. bxc3 Bf6 16. Rab1 g5 17. Bg3 f4 18. Bf2 Bxe5 19. dxe5 Rb8 20. Rb3 Qc8 21. Rfb1 Rxb3 22. axb3 Qb7 23. Ra1 Ra8 24. b4 a6 25. Qc2 Bc8 26.
Qd2 Qf7 27. h4 h6 28. hxg5 hxg5 29. Kf1 Rb8 30. Ke2 Qg6 31. Rh1 Rb7 32. Qd3 Qxd3+ 33. Kxd3 Rh7 34. Rxh7 Kxh7 35. c4 dxc4+ 36. Kxc4 Kg6 37.
Kd3 Kf5 38. Bd4 g4 39. fxg4+ Kxg4 40. Ke4 Bd7 41. Bf2 Be8 42. Kd4 Bg6 43. Kc3 Be4 44.
Kb3 Bxg2 45. Ka4 Bf1 46. Ka5 Bb5 47. Kb6 Kf5 48. Bd4 Ke4 49. Bc3 f3 50. Be1 Kxe5 51.
Kc7 Kd5 52. Kd7 e5 53. Ke7 e4 54. Bf2 Kc4 55. Ke6 Kxb4 56. Ke5 Bd3 57. Kd6 Kb5 58. Be3 a5 59. Ke5 a4 60. Kd4 Kb4 61. Bd2+ Kb3 62. Be1 a3 63. Bc3 a2 64. Ba1 f2 0-1

[Event "Early-Titled-Tuesday-Blitz-September-26-2023"]
[Site "Chess.com"]
[Date "2023.09.26"]
[Round "10"]
[White "Herman-NY"]
[Black "jk13"]
[Result "1-0"]
[WhiteElo "2508"]
[BlackElo "2608"]
[TimeControl "180+1"]
[EndTime "9:55:53 PDT"]
[Termination "Herman-NY won by resignation"]

1. e4 e5 2. Nf3 Nc6 3. Bb5 Nf6 4. d3 Bc5 5. c3 d6 6. Bg5 O-O 7.
Nbd2 a6 8. Ba4 Ba7 9. Nf1 h6 10.
Bh4 Ne7 11. Bxf6 gxf6 12. d4 Ng6 13. Ne3 Kh7 14. h4 Rg8 15. g3 Be6 16. Bc2 c6 17.
Qe2 Qb6 18. O-O-O Qa5 19. a3 c5 20. d5 Bd7 21. Nf5 Bxf5 22. exf5 Ne7 23. Nd2 Qd8 24.
Ne4 Nc8 25. Qh5 Kg7 26. g4 Rh8 27. Rdg1 c4 28. Rh3 b5 29. Rhg3 Rb8 30. g5 hxg5 31.
Rxg5+ fxg5 32. Rxg5+ Kf8 33. Qxh8+ Ke7 34. Qf6+ Ke8 35.
Rg8+ 1-0

[Event "Early-Titled-Tuesday-Blitz-September-26-2023"]
[Site "Chess.com"]
[Date "2023.09.26"]
[Round "10"]
[White "Aariow"]
[Black "MasterKroket"]
[Result "0-1"]
[WhiteElo "2583"]
[BlackElo "2456"]
[TimeControl "180+1"]
[EndTime "9:55:56 PDT"]
[Termination "MasterKroket won on time"]

1. d4 Nf6 2. c4 g6 3. Nc3 Bg7 4. e4 O-O 5. f4 d6 6. Nf3 c5 7. d5 Bg4 8. Be2 a6 9. O-O b5 10. cxb5 axb5 11. Bxb5 Na6 12. e5 Nd7 13. exd6 exd6 14. h3 Bxf3 15. Qxf3 Nb4 16. Bc6 Rb8 17. Qd1 Bd4+ 18. Kh1 Nxc6 19. dxc6 Nf6 20. a4 Qc7 21. Nb5 Qxc6 22. Nxd4 cxd4 23. Qxd4 Nh5 24. Rf3 Rfe8 25.
Bd2 Re4 26. Qc3 Rc4 27. Qa3 Rc2 28. Bc3 Re8 29. Qb4 h6 30. Qb5 Qe4 31. Re1 Qxe1+ 32. Bxe1 Rxe1+ 33. Kh2 Ree2 34. Kh1 Re1+ 35. Rf1 Ree2 36.
Rg1 Nxf4 37. Qb8+ Kg7 38. Qxd6 Nxh3 39. Kh2 Ng5 40. Qd4+ Kh7 41. Kg3 Rcd2 42. Qf6 Ne4+ 0-1

[Event "Early-Titled-Tuesday-Blitz-September-26-2023"]
[Site "Chess.com"]
[Date "2023.09.26"]
[Round "10"]
[White "Jagerrmeisterr"]
[Black "Rainbow2014"]
[Result "1-0"]
[WhiteElo "2716"]
[BlackElo "2444"]
[TimeControl "180+1"]
[EndTime "9:55:58 PDT"]
[Termination "Jagerrmeisterr won on time"]

1. e4 e5 2. Nc3 Nf6 3. f4 d5 4. fxe5 Nxe4 5. Qf3 Nxc3 6. bxc3 Nc6 7. d4 f6 8. Bd3 Be6 9. exf6 Qxf6 10. Qxf6 gxf6 11.
Ne2 Bd6 12. O-O Be7 13. Nf4 Bf7 14. Bf5 O-O 15. Ne6 Rfc8 16. Bf4 Bd6 17. Rae1 Kh8 18. Re3 Bxf4 19. Rxf4 Ne7 20. Bd3 Bxe6 21. Rxe6 Ng8 22. Rh4 h6 23. Bg6 Kg7 24. Bh5 Rf8 25. Rg4+ Kh7 26.
Rf4 Rad8 27. a4 Rd6 28. Rxd6 cxd6 29. Rf5 Ne7 30. Rf3 Kg7 31. Re3 Nf5 32. Rf3 Ne7 33.
Re3 Nf5 34. Re6 Rc8 35. Bg4 Nh4 36. Re7+ Kg6 37. Bxc8 1-0

[Event "Early-Titled-Tuesday-Blitz-September-26-2023"]
[Site "Chess.com"]
[Date "2023.09.26"]
[Round "10"]
[White "Mikhail_Golubev"]
[Black "Chessbard1972"]
[Result "1-0"]
[WhiteElo "2583"]
[BlackElo "2392"]
[TimeControl "180+1"]
[EndTime "9:55:58 PDT"]
[Termination "Mikhail_Golubev won by checkmate"]

1. e4 e5 2. Nf3 Nc6 3. Bc4 Nf6 4. Ng5 d5 5. exd5 Na5 6. Bb5+ c6 7. dxc6 bxc6 8. Bd3 Nd5 9. Nf3 Nf4 10. O-O Nxd3 11.
cxd3 Bd6 12. Re1 Bg4 13. h3 Bh5 14. d4 O-O 15. dxe5 Bc5 16. g4 Bg6 17. d4 Bb6 18. Nc3 f6 19. e6 Qd6 20. Nh4 Bc7 21. Qf3 Nc4 22. Nf5 Bxf5 23. gxf5 Qxd4 24. Re4 Qc5 25.
Bf4 Ne5 26. Bxe5 Bxe5 27. Rd1 Rab8 28. Kg2 Rxb2 29. Na4 Qc2 30. Nxb2 Qxb2 31. Rd7 Re8 32. Qg4 g5 33. fxg6 f5 34. Qxf5 Rf8 35. gxh7+ Kh8 36. Qxf8# 1-0

[Event "Early-Titled-Tuesday-Blitz-September-26-2023"]
[Site "Chess.com"]
[Date "2023.09.26"]
[Round "10"]
[White "LangesNasenhaar"]
[Black "UK_23"]
[Result "0-1"]
[WhiteElo "2469"]
[BlackElo "2430"]
[TimeControl "180+1"]
[EndTime "9:56:00 PDT"]
[Termination "UK_23 won by resignation"]

1. d4 d5 2. Nc3 Nf6 3. Bf4 c5 4.
e4 Nxe4 5. Nxe4 dxe4 6. dxc5 Nd7 7. b4 e5 8. Be3 a5 9. c3 Be7 10. Bb5 O-O 11. Ne2 axb4 12. cxb4 Nf6 13. O-O Ra3 14. Qc1 Rd3 15. Nc3 Bf5 16. a3 Bg6 17. Re1 h6 18. h3 Qc7 19. Bxd3 exd3 20. Bd2 e4 21. Bf4 Qc6 22. Qe3 Rd8 23. Be5 Nd5 24. Nxd5 Qxd5 25. Bf4 Bf6 26. Rab1 Bc3 27. Rec1 Bd4 28. Qd2 Kh7 29. Be3 Be5 30. b5 f5 31. c6 bxc6 32. bxc6 Rc8 33. Bf4 Bxf4 34. Qxf4 Rxc6 35. Rxc6 Qxc6 36.
Qd2 Qd6 37. a4 f4 38. Qb4 Qxb4 39. Rxb4 d2 40. Rd4 e3 41. fxe3 fxe3 42. Kf1 Bc2 43. a5 d1=Q+ 44. Rxd1 Bxd1 45. a6 Ba4 46. Ke2 Bc6 47.
Kxe3 Bxg2 48. h4 Kg6 49. a7 Kh5 50. Kf2 Ba8 51. Kg3 g6 52. Kh3 g5 53. Kg3 gxh4+ 54. Kh3 Kg5 0-1

[Event "Early-Titled-Tuesday-Blitz-September-26-2023"]
[Site "Chess.com"]
[Date "2023.09.26"]
[Round "10"]
[White "AlmasRakhmatullaev"]
[Black "Roman_Ovetchkin"]
[Result "1-0"]
[WhiteElo "2792"]
[BlackElo "2704"]
[TimeControl "180+1"]
[EndTime "9:56:02 PDT"]
[Termination "AlmasRakhmatullaev won by resignation"]

1. e4 c6 2. Nf3 d5 3. Nc3 dxe4 4. Nxe4 Nf6 5. Qe2 Nxe4 6. Qxe4 Nd7 7. Bc4 Nf6 8. Ne5 e6 9. Qe2 b5 10. Bb3 Qc7 11. d4 Bd6 12. a4 Bb7 13. axb5 c5 14.
Nc6 cxd4 15. Bg5 O-O 16. Bxf6 gxf6 17. Qg4+ Kh8 18. Qxd4 Be5 19. Nxe5 fxe5 20. Qh4 Rg8 21. O-O-O Rg6 22. Rd3 Bxg2 23. Rhd1 Kg7 24. Rg3 e4 25. Rxg2 Rxg2 26. Qxe4 Qxh2 27. Qxa8 Qf4+ 28. Kb1 Qxf2 29. Qe4 h5 30. Rd7 Rg1+ 31. Ka2 Qe1 32. Qxe1 Rxe1 33. Rxa7 h4 34. b6 h3 35. b7 h2 36. b8=Q h1=Q 37.
Qg3+ Kf8 38. Qd6+ Kg7 39. Qd4+ e5 40. Rxf7+ 1-0

[Event "Early-Titled-Tuesday-Blitz-September-26-2023"]
[Site "Chess.com"]
[Date "2023.09.26"]
[Round "10"]
[White "Antik5"]
[Black "sergeikim"]
[Result "0-1"]
[WhiteElo "2405"]
[BlackElo "2608"]
[TimeControl "180+1"]
[EndTime "9:56:02 PDT"]
[Termination "sergeikim won on time"]

1. c4 Nf6 2. Nc3 g6 3. e4 d6 4. d4 Bg7 5. h3 O-O 6. Be3 e5 7.
d5 a5 8. g4 Na6 9. Nge2 Nc5 10.
Ng3 Bd7 11. Be2 c6 12. Qd2 a4 13. f3 cxd5 14. cxd5 Rc8 15. h4 Ne8 16. h5 Qe7 17. h6 Bh8 18. Kf2 b6 19. Rab1 Bf6 20. g5 Bh8 21. b4 axb3 22. axb3 f5 23. exf5 Bxf5 24. Kg2 Bxb1 25. Rxb1 Rf4 26. b4 Nd7 27. Nge4 Nc7 28. Bxf4 exf4 29. Qxf4 Be5 30. Qg4 Rf8 31. Nb5 Nxd5 32.
Bc4 Qf7 33. Nbxd6 Ne3+ 34. Kh3 Qxc4 35. Nxc4 Nxg4 36. Kxg4 b5 37. Nxe5 Nxe5+ 38. Kg3 Rxf3+ 39. Kg2 Re3 40. Nf6+ Kf7 41. Ra1 Nd3 42. Ra7+ Ke6 43. Rxh7 Nf4+ 44. Kf2 Rh3 45. Rg7 Kf5 46. h7 Ne6 47. Rg8 Nxg5 0-1

[Event "Early-Titled-Tuesday-Blitz-September-26-2023"]
[Site "Chess.com"]
[Date "2023.09.26"]
[Round "10"]
[White "ATM622"]
[Black "Barbix1"]
[Result "1-0"]
[WhiteElo "2423"]
[BlackElo "2329"]
[TimeControl "180+1"]
[EndTime "9:56:03 PDT"]
[Termination "ATM622 won on time"]

1. d4 Nf6 2. c4 g6 3. g3 d5 4.
Bg2 Bg7 5. Nf3 dxc4 6. O-O O-O 7. Ne5 Nc6 8. Nxc6 bxc6 9. Bxc6 Rb8 10. Nc3 Bb7 11.
Bxb7 Rxb7 12. e4 Nd7 13. e5 c5 14. Qf3 Rb8 15. e6 fxe6 16. Qe2 cxd4 17. Qxe6+ Kh8 18. Nd5 Ne5 19. Bf4 Nd3 20. Bxb8 Qxb8 21. Nxe7 Qxb2 22. Qxc4 Ne5 23. Qe6 Nf3+ 24. Kh1 Qb7 25. Nd5 Rd8 26. Rab1 Qxd5 27. Qxd5 Rxd5 28. Rb8+ Bf8 29. Rxf8+ Kg7 30. Rxf3 d3 31. Rd1 d2 32. Kg2 g5 33. Kf1 g4 34.
Rf4 1-0

[Event "Early-Titled-Tuesday-Blitz-September-26-2023"]
[Site "Chess.com"]
[Date "2023.09.26"]
[Round "10"]
[White "GMTalks_Youtube"]
[Black "Vesper2018"]
[Result "1-0"]
[WhiteElo "2718"]
[BlackElo "2579"]
[TimeControl "180+1"]
[EndTime "9:56:05 PDT"]
[Termination "GMTalks_Youtube won on time"]

1. e4 c5 2. Nf3 d6 3. d4 cxd4 4. Nxd4 Nf6 5. Nc3 a6 6. Bd3 e5 7. Nde2 Be7 8. O-O O-O 9. Kh1 Nbd7 10. f4 Nc5 11. Ng3 b5 12. a3 Nxd3 13. cxd3 exf4 14.
Bxf4 d5 15. e5 Ne8 16. d4 g6 17. Rf2 Ng7 18. Qf3 Be6 19. Raf1 h5 20. h3 Rc8 21.
Bh6 h4 22. Nge2 Bg5 23. Bxg7 Kxg7 24. Nf4 Bxf4 25. Qxf4 Rc4 26. Qe3 Rh8 27. Rf6 Qd7 28. Ne2 Qa7 29. b3 Rc2 30. Nf4 Bf5 31. Nxd5 Qb7 32.
Nf4 Rhc8 33. d5 R8c3 34. Qe1 Qc8 35. Qxh4 Rc1 36. Nh5+ gxh5 37. Qg5+ Kf8 38. Rxf5 Rxf1+ 39. Rxf1 1-0

[Event "Early-Titled-Tuesday-Blitz-September-26-2023"]
[Site "Chess.com"]
[Date "2023.09.26"]
[Round "10"]
[White "BeautiFullMindChess"]
[Black "Boundless_Strike"]
[Result "0-1"]
[WhiteElo "2372"]
[BlackElo "2601"]
[TimeControl "180+1"]
[EndTime "9:56:06 PDT"]
[Termination "Boundless_Strike won on time"]

1. e4 d6 2. d4 e5 3. Nf3 Bg4 4. dxe5 Nc6 5. exd6 Bxd6 6. h3 Bh5 7. g4 Bg6 8. Nbd2 Qe7 9. Bg2 O-O-O 10. O-O Nf6 11.
Re1 h5 12. g5 Ng4 13. hxg4 hxg4 14. Qe2 gxf3 15. Nxf3 Ne5 16. Nxe5 Qxe5 17. f4 Bc5+ 18.
Kf1 Qe7 19. Be3 Rh4 20. Qf2 Bxe3 21. Qxe3 f6 22. Qxa7 Rxf4+ 23. Kg1 c6 24. Qa8+ Kc7 25. Qa5+ Kb8 26. Rad1 Rh8 27. gxf6 Qxf6 28. e5 Qh4 29. Rd8+ Rxd8 30. e6 Qf2+ 31. Kh2 Rh8+ 0-1

[Event "Early-Titled-Tuesday-Blitz-September-26-2023"]
[Site "Chess.com"]
[Date "2023.09.26"]
[Round "10"]
[White "Rutricks"]
[Black "Jaka_Brilej"]
[Result "1-0"]
[WhiteElo "2679"]
[BlackElo "2498"]
[TimeControl "180+1"]
[EndTime "9:56:06 PDT"]
[Termination "Rutricks won by resignation"]

1. e4 e6 2. Nf3 d5 3. Nc3 Nf6 4.
e5 Nfd7 5. d4 c5 6. dxc5 Nc6 7.
Bf4 Bxc5 8. Bd3 h6 9. h4 a6 10.
h5 Qc7 11. Qe2 Nd4 12. Nxd4 Bxd4 13. O-O Bxe5 14. Nxd5 Qd6 15. Bxe5 Nxe5 16. Nb6 Nxd3 17. Nxa8 Nf4 18. Qf3 O-O 19. Rad1 Qe5 20. Rfe1 Qg5 21.
Nb6 e5 22. Nxc8 Rxc8 23. c3 Rc7 24. g3 Nxh5 25. Rd5 Re7 26. Qe4 f6 27. Rd8+ Kf7 28. Red1 Nf4 29. Kf1 Ne6 30. R8d7 Nc5 31. Qd5+ Kf8 32.
Rd8+ Re8 33. Qxc5+ Kf7 34. R1d7+ Kg6 35. Rxe8 1-0

[Event "Early-Titled-Tuesday-Blitz-September-26-2023"]
[Site "Chess.com"]
[Date "2023.09.26"]
[Round "10"]
[White "BlitzWizard04"]
[Black "quvnoq_muxlis"]
[Result "1-0"]
[WhiteElo "2664"]
[BlackElo "2786"]
[TimeControl "180+1"]
[EndTime "9:56:07 PDT"]
[Termination "BlitzWizard04 won by resignation"]

1. e4 c5 2. Nf3 Nc6 3. d4 cxd4 4. Nxd4 Nf6 5. Nc3 d6 6. Bg5 Bd7 7. Qd2 a6 8. O-O-O e6 9. f4 Rc8 10. Kb1 Be7 11. Be2 Qa5 12. Nb3 Qc7 13. Bxf6 gxf6 14.
g4 b5 15. Bf3 b4 16. Ne2 a5 17. Nbd4 Qb6 18. Nxc6 Bxc6 19. g5 fxg5 20. fxg5 Qc5 21. h4 a4 22. Nd4 Bb7 23. Rhf1 Ba6 24. Be2 Bxe2 25. Qxe2 a3 26. Qf3 O-O 27. Qf2 axb2 28. Nb3 Qc3 29. Rd3 Qg7 30. Qa7 Rfe8 31. Rdf3 Ra8 32.
Qd4 Qxd4 33. Nxd4 Rf8 34. Nc6 Rae8 35. Kxb2 h6 36. g6 Bxh4 37. gxf7+ 1-0

[Event "Early-Titled-Tuesday-Blitz-September-26-2023"]
[Site "Chess.com"]
[Date "2023.09.26"]
[Round "10"]
[White "Kopytkin"]
[Black "CraiggoryC"]
[Result "1-0"]
[WhiteElo "2374"]
[BlackElo "2254"]
[TimeControl "180+1"]
[EndTime "9:56:08 PDT"]
[Termination "Kopytkin won by resignation"]

1. d4 e6 2. e4 d5 3. exd5 exd5 4. Bd3 Bd6 5. Qf3 Nc6 6. Ne2 Nf6 7. Bg5 h6 8. Bxf6 Qxf6 9. Qxf6 gxf6 10. c3 Ne7 11. Ng3 h5 12. Nd2 h4 13. Ngf1 h3 14. g3 f5 15. f4 Ng8 16. Ne3 Ne7 17. Nf3 c6 18. Kd2 Bd7 19. Raf1 O-O-O 20. Nh4 Rh5 21. b4 Kc7 22. Nf3 Re8 23. Rb1 a6 24. a4 Nc8 25.
Ne5 Be6 26. b5 axb5 27. axb5 f6 28. Nf3 Bf8 29. bxc6 bxc6 30. Ra1 Nd6 31. Ra7+ Kb6 32. Ra6+ Kc7 33. Rb1 Rb8 34. Ra7+ Rb7 35. Rbxb7+ Nxb7 36. Nh4 Kb8 37. Ra6 Kc7 38. Nhxf5 Bxf5 39. Nxf5 Nd6 40.
Nxd6 Bxd6 41. Ra7+ Kd8 42. Be2 Rh8 43. Ra8+ 1-0

[Event "Early-Titled-Tuesday-Blitz-September-26-2023"]
[Site "Chess.com"]
[Date "2023.09.26"]
[Round "10"]
[White "Hrant_ChessMood"]
[Black "ArtemDyachuk"]
[Result "1-0"]
[WhiteElo "2904"]
[BlackElo "2699"]
[TimeControl "180+1"]
[EndTime "9:56:09 PDT"]
[Termination "Hrant_ChessMood won on time"]

1. e4 c6 2. Nf3 d5 3. d3 Qc7 4.
Nc3 dxe4 5. dxe4 e5 6. Bc4 Bg4 7. O-O Nf6 8. h3 Bh5 9. a4 Nbd7 10. a5 a6 11. Bd2 O-O-O 12. Qe2 Nc5 13. b4 Bxf3 14.
gxf3 Ne6 15. Bxe6+ fxe6 16. Be3 Qf7 17. Na4 Nh5 18. Rfd1 Bd6 19. Rd3 Bc7 20. Rad1 Qf6 21. Nc5 Rd4 22. c3 Rxd3 23. Rxd3 Rf8 24. Qd1 Qg6+ 25.
Kf1 Nf4 26. Bxf4 exf4 27. Rd7 Rf7 28. Qd4 Qh5 29. Rxf7 Qxf7 30. Qc4 Be5 31. Ke2 Kc7 32. Qxe6 Qxe6 33. Nxe6+ Kd6 34. Nd4 c5 35. bxc5+ Kxc5 36. Kd3 b6 37. axb6 Kxb6 38. Kc4 a5 39. Ne6 g6 40.
Nc5 Kc6 41. Nd3 Bd6 42. e5 Be7 43. Nxf4 a4 44. Nd5 Bf8 45. Nb4+ Kb6 46. f4 a3 47. Kb3 Kb5 48. Nd3 1-0

[Event "Early-Titled-Tuesday-Blitz-September-26-2023"]
[Site "Chess.com"]
[Date "2023.09.26"]
[Round "10"]
[White "MITerryble"]
[Black "Zhigalko_Sergei"]
[Result "0-1"]
[WhiteElo "2941"]
[BlackElo "2865"]
[TimeControl "180+1"]
[EndTime "9:56:10 PDT"]
[Termination "Zhigalko_Sergei won on time"]

1. Nf3 Nf6 2. e3 e6 3. b3 b6 4. Bb2 Bb7 5. c4 d5 6. Qc2 Bd6 7. cxd5 exd5 8. Nd4 O-O 9. Nf5 c5 10. d4 Nc6 11. Be2 Re8 12. Nxd6 Qxd6 13. O-O cxd4 14. exd4 Ne4 15. Qd1 Qg6 16. Bh5 Qg5 17. Bf3 Ba6 18. Re1 Nb4 19. Bc1 Qf6 20. Be3 Rac8 21. Bxe4 dxe4 22.
Na3 h6 23. Qd2 Nd3 24. Red1 Qh4 25. Nc2 f5 26. g3 Qg4 27. Ne1 g5 28. d5 f4 29. Bd4 Rcd8 30. Qc3 Rxd5 31. Bh8 Rd7 32. Nxd3 Bxd3 33. Rxd3 exd3 34. Bf6 d2 35. Qc4+ Qe6 0-1

[Event "Early-Titled-Tuesday-Blitz-September-26-2023"]
[Site "Chess.com"]
[Date "2023.09.26"]
[Round "10"]
[White "Goryachkina"]
[Black "Djager97"]
[Result "1/2-1/2"]
[WhiteElo "2663"]
[BlackElo "2563"]
[TimeControl "180+1"]
[EndTime "9:56:11 PDT"]
[Termination "Game drawn by repetition"]

1. e4 e6 2. d4 d5 3. Nc3 Nf6 4. Bg5 Be7 5. e5 Nfd7 6. h4 h6 7. Bxe7 Qxe7 8. Qg4 O-O 9. Nf3 c5 10. dxc5 Nc6 11. Qf4 Nxc5 12. O-O-O a6 13. Rh3 f5 14. Rg3 Ne4 15. Rg6 Kh7 16. h5 Bd7 17. Bd3 Nxf2 18.
Re1 Ne4 19. g4 fxg4 20. Qxg4 Rxf3 21. Qxf3 Nxe5 22. Bxe4 dxe4 23. Qxe4 Nxg6 24. hxg6+ Kh8 25. Qxb7 Rf8 26. Kb1 Qh4 27. Rd1 Be8 28. a3 Bxg6 29. Qxa6 Rf2 30. Rc1 Kh7 31. Qxe6 Qh2 32. Qb3 h5 33.
Nd5 h4 34. Ne7 Be4 35. Qg8+ Kh6 36. Qh8+ Bh7 37. Ng8+ Kg6 38. Ne7+ Kh6 39. Ng8+ Kg6 40. Ne7+ Kh6 1/2-1/2